 Dungeon Crawl Stone Soup version 0.30-a0-553-g7fabdf1491 (webtiles) character file.

Game seed: 2991562595470875016

4335 scionoferis the Covert (level 10, -1/49 HPs)
             Began as a Vine Stalker Monk on Dec 26, 2022.
             Slain by a two-headed ogre
             ... wielding a +0 giant spiked club
              (14 damage)
             ... on level 9 of the Dungeon.
             The game lasted 00:27:35 (8937 turns).

scionoferis the Covert (Vine Stalker Monk)          Turns: 8937, Time: 00:27:35

Health: -1/49      AC: 13    Str: 21    XL:     10   Next: 33%
Magic:  0/11       EV: 12    Int: 10    God:
Gold:   1142       SH:  0    Dex: 21    Spells: 9/9 levels left

rFire   + + .      SeeInvis .    a - +9 dagger of Arbitration {vorpal, rF+}
rCold   . . .      Faith    .    (no shield)
rNeg    + . .      Spirit   +    i - +5 scale mail "Xufuesim" {Str+7}
rPois   .          Reflect  .    G - +0 helmet
rElec   .          Harm     .    (no cloak)
rCorr   .          Rampage  .    (no gloves)
Will    +....                    R - +0 pair of boots {Fly}
Stlth   ++++                     l - amulet of the acrobat
HPRegen 1.08/turn                p - ring of protection from fire
MPRegen 0.12/turn                F - ring of positive energy

@: flying
A: fangs 3, regeneration 1, magic shield, antimagic bite, no potion heal 2
a: no special abilities


You were on level 9 of the Dungeon.
You visited 2 branches of the dungeon, and saw 10 of its levels.
You also visited: Sewer and Bailey.

You collected 1142 gold pieces.


Innate Abilities, Weirdness & Mutations

You have razor-sharp teeth.
Your natural rate of healing is unusually fast.
When hurt, damage is shared between your health and your magic reserves.
Your bite disrupts and absorbs the magic of your enemies.
Potions cannot restore your health.


   Skills:
 + Level 3.9 Fighting
 + Level 9.3 Short Blades
 + Level 2.3 Armour
 + Level 3.5 Dodging
 + Level 12.7 Stealth


You had 9 spell levels left.
You didn't know any spells.
Your spell library contained the following spells:

 Spells                   Type           Power      Damage    Failure   Level
 Foxfire                  Conj/Fire      0%         2x1d4     71%         1
 Sting                    Tmut/Pois      0%         1d3       71%         1
 Poisonous Vapours        Pois/Air       0%         N/A       85%         2
 Ignite Poison            Fire/Tmut/Pois 0%         N/A       97%         3
 Kindle Blastsparks       Fire/Tloc/Air  0%         2d10      97%         3
 Summon Guardian Golem    Hex/Summ       0%         N/A       97%         3
 Vhi's Electric Charge    Tloc/Air       0%         N/A       97%         3
 Fulminant Prism          Conj/Hex       0%         3d5       100%        4
 Iskenderun's Mystic Bla  Conj/Tloc      0%         2d3       100%        4
 Manifold Assault         Tloc           0%         N/A       100%        4
 Olgreb's Toxic Radiance  Pois           0%         N/A       100%        4
 Sticky Flame             Conj/Fire      0%         2d3       100%        4
 Arcjolt                  Conj/Air       0%         1d10      100%        5
 Fireball                 Conj/Fire      0%         3d3       100%        5
 Lee's Rapid Deconstruct  Erth           0%         3d4*      100%        5
 Dispersal                Tloc           0%         N/A       100%        6
 Starburst                Conj/Fire      0%         6d3       100%        6
 Orb of Destruction       Conj           0%         9d5       100%        7
 Spellforged Servitor     Conj/Summ      0%         N/A       100%        7
 Disjunction              Tloc           0%         N/A       100%        8
 Ignition                 Fire           0%         3d3       100%        8
 Maxwell's Capacitive Co  Air            0%         ∞         100%        8

Inventory:

Hand Weapons
 a - the +9 dagger of Arbitration (weapon) {vorpal, rF+}
   (You found it on level 3 of the Dungeon)

   It inflicts extra damage upon your enemies.
   rF:        It protects you from fire.
 b - a +0 sling
   (You found it on level 1 of the Dungeon)
 j - a +0 great sword
   (You found it on level 3 of the Dungeon)
 P - a +2 shortbow of flaming
   (You found it in a bailey)
Missiles
 y - 2 javelins
 C - 5 atropa-tipped darts
 H - 24 poisoned darts (quivered)
 L - a curare-tipped dart
 N - 16 boomerangs
 T - a silver boomerang
Armour
 i - the +5 scale mail "Xufuesim" (worn) {Str+7}
   (You found it in a sewer)

   Str:       It affects your strength (+7).
 s - a +0 ring mail
   (You found it on level 2 of the Dungeon)
 v - a +0 kite shield
   (You found it on level 3 of the Dungeon)
 G - a +0 helmet (worn)
   (You found it on level 6 of the Dungeon)
 K - a +3 chain mail of cold resistance
   (You found it on level 7 of the Dungeon)
 R - a +0 pair of boots of flying (worn)
   (You found it in a bailey)
Jewellery
 d - a ring of flight
   (You found it on level 3 of the Dungeon)
 l - an amulet of the acrobat (around neck)
   (You found it on level 1 of the Dungeon)
 p - a ring of protection from fire (left hand)
   (You found it on level 2 of the Dungeon)
 z - a ring of fire
   (You found it on level 4 of the Dungeon)
 F - a ring of positive energy (right hand)
   (You found it on level 5 of the Dungeon)
Wands
 e - a wand of digging (13)
   (You found it in a sewer)
 h - a wand of paralysis (16)
   (You found it on level 6 of the Dungeon)
 I - a wand of flame (34)
   (You took it off a kobold on level 6 of the Dungeon)
 M - a wand of mindburst (10)
   (You found it on level 8 of the Dungeon)
 Q - a wand of polymorph (5)
   (You found it in a bailey)
Scrolls
 f - 2 scrolls of blinking
 g - 4 scrolls of fear {unknown}
 m - 2 scrolls of enchant weapon {unknown}
 q - a scroll of silence {unknown}
 r - 2 scrolls of fog {unknown}
 t - a scroll of immolation {unknown}
 x - 10 scrolls of identify {unknown}
 E - a scroll of noise {unknown}
 J - 4 scrolls of teleportation
Potions
 c - 3 potions of ambrosia
 k - a potion of mutation {unknown}
 n - 2 potions of heal wounds {unknown}
 o - 3 potions of brilliance {unknown}
 u - a potion of haste {unknown}
 w - 4 potions of flight
 A - 3 potions of might {unknown}
 B - 4 potions of degeneration {unknown}
 D - 5 potions of curing {unknown}
 O - a potion of cancellation {unknown}
Miscellaneous
 S - a phial of floods
   (You found it in a bailey)

Dungeon Overview and Level Annotations

Branches:
Dungeon (9/15)             Temple (1/1) D:7           Sewer (visited)
 Bailey (visited)
   Lair: D:8-11         Orc: D:9-12

Altars:
Ashenzari
Fedhas
Gozag
Hepliaklqana
Kikubaaqudgha
Nemelex Xobeh
Okawaru
Qazlal
Ru
Sif Muna
Trog
Uskayaw
Vehumet
Xom
Yredelemnul
Zin
The Shining One
Lugonu

Shops:
D:3 (   D:6 =

Annotations:
D:3 3 runed translucent doors, drugrobin's ghost, weakling DgDe; thurberlil's ghost, amateur HuSu

.........# #.#####.## .........#
#......... .........# #.########
.)<......# #.# .))......# #.#
..)......# #.# .........# #.#
.........#########.############
................@O............[.
#######.#####.#####.............
.# # #....(........ #
#............. #......((.....
###...<.........
.................
....D............
~~§#§............


You could see a two-headed ogre (poisoned).


Message History

There is an open door here.
A necrophage comes into view.
You completely miss the necrophage.
The necrophage hits you but does no damage.
You puncture the necrophage! You bite the necrophage. You drain its power.
The necrophage is heavily damaged.
You closely miss the necrophage. You bite the necrophage. You drain its power.
The necrophage is severely damaged.
The necrophage barely misses you.
You puncture the necrophage!
You destroy the necrophage!
Your Fighting skill increases to level 3!
You hear the faint creaking of a very distant portcullis.
Found a hand axe.
You open the door.
There is an open door here.
Found a glowing ivory wand.
M - a wand of mindburst (13)
You open the door.
There is an open door here.
Found a wand of paralysis (9).
Found 2 stones.
You hear the faint creaking of a very distant portcullis.
h - a wand of paralysis (16) (gained 9 charges)
Found a stone staircase leading up.
Found a scroll labelled RYPSUUSIUL.
Found a scroll labelled LUVEUM URGHI.
An orc comes into view. It is wielding a +0 trident of venom.
An orc wizard comes into view. It is wielding a +0 dagger.
The orc shouts!
The orc wizard shouts!
You hear a shout! x2
An orc wizard and an orc come into view.
The orc wizard misses you. The orc hits you but does no damage.
You puncture the orc wizard! Your bite misses the orc wizard.
The orc wizard is severely wounded.
The orc wizard casts a spell at you. You resist with almost no effort.
The orc hits you with a +0 trident of venom.
You closely miss the orc. You bite the orc. You drain its power.
You feel invigorated.
The orc is severely wounded.
You hit the orc wizard.
You kill the orc wizard!
The orc hits you with a +0 trident of venom.
You are poisoned.
The orc wizard gestures at you while chanting.
You resist with almost no effort.
You puncture the orc!
You kill the orc!
You feel sick.
You feel sick. The orc misses you.
You puncture the orc!
You kill the orc!
You feel sick. The orc wizard barely misses you.
You closely miss the orc wizard. Your punch misses the orc wizard.
You closely miss the orc wizard.
You bite the orc wizard, but do no damage.
You feel sick.
The orc wizard hits you with a +0 dagger.
You hit the orc wizard.
The orc wizard is moderately wounded.
The orc wizard hits you but does no damage.
You hit the orc wizard. Your bite misses the orc wizard.
The orc wizard is heavily wounded.
You feel sick.
You barely miss the orc wizard. Your bite misses the orc wizard.
The orc wizard is heavily wounded.
The orc wizard hits you but does no damage.
You hit the orc wizard.
The orc wizard is severely wounded.
You feel sick.
You closely miss the orc wizard. Your bite misses the orc wizard.
The orc wizard is severely wounded.
The orc wizard casts a spell at you. The puff of flame hits you. You resist.
You hit the orc wizard.
You kill the orc wizard!
You feel sick.
You are no longer poisoned.
Your Armour skill increases to level 1!
Things that are here:
a +0 dagger; a +0 leather armour
Found 13 gold pieces.
Found a ring mail.
Found a bubbling grey potion.
B - 2 bubbling grey potions (gained 1)
Found 8 stones.
A steam dragon comes into view.
You hear the faint creaking of a very distant portcullis.
Found a robe.
A bullfrog comes into view.
Found 7 gold pieces.
Found an escape hatch in the floor.
The helpless steam dragon fails to defend itself.
You perforate the steam dragon like a sieve!!!!
You kill the steam dragon!
The steam dragon scales are intact enough to wear.
The bullfrog gives a loud, deep croak!
Things that are here:
+0 steam dragon scales; a steam dragon corpse The bullfrog hits you but does no damage.
You puncture the bullfrog! Your bite misses the bullfrog.
The bullfrog is severely wounded.
The bullfrog hits you but does no damage.
You hit the bullfrog. You bite the bullfrog.
You kill the bullfrog!
Found 13 gold pieces.
Found a robe.
You hear the creaking of a portcullis nearby.
Found a stone staircase leading down.
There is an open door here.
Found 12 gold pieces.
A howler monkey comes into view.
A howler monkey comes into view.
The helpless howler monkey fails to defend itself.
You spit the howler monkey like a pig!!!!
You kill the howler monkey!
You have reached level 10!
The howler monkey howls!
The howler monkey hoots and howls with incredible vigour!
You hear a loud, deep croak!
You hear a shout! x2
The howler monkey barely misses you.
You closely miss the howler monkey. Your bite misses the howler monkey.
You closely miss the howler monkey. You bite the howler monkey!
You drain its power.
The howler monkey is moderately wounded.
You hear the creaking of a portcullis very nearby.
The howler monkey hits you but does no damage.
You completely miss the howler monkey. You bite the howler monkey.
You drain its power.
The howler monkey is heavily wounded.
The howler monkey hoots and howls with incredible vigour!
You hear a shout! x3
You barely miss the howler monkey. You bite the howler monkey!
You drain its power.
The howler monkey is almost dead.
You puncture the howler monkey!
You kill the howler monkey!
Your Dodging skill increases to level 3!
Unknown command.
Found a potion of ambrosia.
Found a stone staircase leading up.
A bullfrog comes into view.
You puncture the bullfrog!
The bullfrog is heavily wounded.
The bullfrog hits you but does no damage.
You hit the bullfrog.
You bite the bullfrog, but do no damage.
The bullfrog is heavily wounded.
The bullfrog hits you but does no damage.
You hit the bullfrog. You bite the bullfrog.
You kill the bullfrog!
You see here a bullfrog corpse.
You open the door.
Found a smoking hand axe, a hand axe and a fine hand axe.
Found a flagged portal.
Found a slimy hand axe.
There is an open door here.
You see here the +0 hand axe of Ycucyim {elec, Will+++ MP-9 Str+4 Int-2}.
You see here the +9 hand axe of Hubris {vorpal, rPois Will++ Dex-5}.
You see here the +3 hand axe "Zifeero" {antimagic, Str-4 Int+4}.
You see here the +9 hand axe of Hubris {vorpal, rPois Will++ Dex-5}.
There is a flagged portal here.
Unknown command.
The world spins around you as you enter the gateway.
You enter a bailey!
There is an empty arch of ancient stone here.
Found a gate leading back out of this place.
Found a pair of boots of flying.
A kobold comes into view.
Found a gate leading back out of this place.
You're wearing all the rings you can.
Remove which one? (? for menu, Esc to cancel) < or
p - a ring of protection from fire; > or
F - a ring of positive energy You remove your ring of protection from fire.
You fly up into the air.
d - a ring of flight (left hand)
The hobgoblin shouts!
The gnoll shouts!
The kobold shouts!
A kobold comes into view.
The kobold throws a boomerang.
The boomerang completely misses you.
The kobold throws a boomerang.
The boomerang completely misses you.
The kobold throws a boomerang.
The boomerang completely misses you. The kobold hits you but does no damage.
You hit the kobold.
You kill the kobold!
There is a gate leading back out of this place here.
You see here 2 boomerangs.
N - 2 boomerangs The kobold splashes around in the water.
You puncture the kobold!
You kill the kobold!
You hear a splash.
N - 4 boomerangs (gained 2)
A kobold comes into view.
You strike the helpless kobold from behind!
You spit the kobold like a pig!!!
You kill the kobold!
N - 6 boomerangs (gained 2);
O - a clear potion You see here a kobold corpse.
A kobold comes into view.
There is an open door here.
A goblin comes into view. It is wielding a +0 hand axe.
The kobold shouts!
The kobold throws a boomerang.
The boomerang completely misses you. The kobold completely misses you.
The goblin shouts!
You hit the kobold.
You kill the kobold!
You hear a shout!
You completely miss the goblin. Your bite misses the goblin.
You puncture the goblin!
You kill the goblin!
A kobold comes into view.
Things that are here:
a +0 hand axe; a +0 leather armour; a boomerang The kobold throws a boomerang.
The boomerang misses you.
A kobold comes into view.
A goblin comes into view. It is wielding a +0 hand axe.
The goblin shouts!
The kobold shouts!
You hit the kobold.
You kill the kobold!
You hear a shout! x2
An orc comes into view. It is wielding a +0 hand axe.
The kobold throws a boomerang.
The boomerang misses you.
An orc comes into view. It is wielding a +0 war axe.
The orc moves out of view.
Things that are here:
2 boomerangs; a kobold corpse The kobold throws a boomerang.
The boomerang hits you but does no damage.
A kobold comes into view.
The kobold closely misses you.
A kobold comes into view.
You barely miss the kobold.
The orc shouts!
You bite the kobold.
You kill the kobold!
You hear a shout! x2
You hit the orc. You bite the orc.
You kill the orc!
The kobold throws a boomerang.
The boomerang misses you.
An orc comes into view. It is wielding a +0 hand axe.
You closely miss the goblin. The goblin hits you but does no damage.
You hit the goblin but do no damage.
A kobold comes into view.
You closely miss the goblin. The goblin hits you with a +0 hand axe.
The kobold shouts!
You hit the goblin. You bite the goblin.
You kill the goblin!
The kobold throws a boomerang.
The boomerang misses you. The kobold misses you.
Items here: ( )) [[.
You hit the kobold.
You kill the kobold!
The kobold hits you but does no damage.
You puncture the kobold!
You kill the kobold!
You puncture the orc!
You kill the orc!
You closely miss the orc. You puncture the orc!
You kill the orc!
The kobold throws a boomerang.
The boomerang closely misses you. The kobold closely misses you.
Items here: ( ))) [[[ †.
You puncture the kobold!
You kill the kobold!
N - 9 boomerangs (gained 3)
Items here: ) [ ††.
N - 11 boomerangs (gained 2)
N - 12 boomerangs (gained 1)
Items here: ))) [[[ †.
N - 14 boomerangs (gained 2)
You see here a kobold corpse.
Found a runed shortbow.
Found a ring of flight.
You see here a +2 shortbow of flaming.
Found 169 gold pieces.
Found a gate leading back out of this place.
You see here a +2 shortbow of flaming.
P - a +2 shortbow of flaming You see here a ring of flight.
You now have 507 gold pieces (gained 169).
You see here a ring of flight.
Items here: ))) [[[ †.
Found a gate leading back out of this place.
There is an open door here.
Found a twisted copper wand.
There is an open door here.
Q - a wand of polymorph (5)
There is an open door here.
The kobold throws a boomerang.
The boomerang misses you.
The kobold throws a boomerang.
The boomerang misses you. The kobold completely misses you.
You hit the kobold.
You kill the kobold!
N - 15 boomerangs (gained 1)
There is a gate leading back out of this place here.
There is an open door here.
The orc warrior shouts!
You hear a shout! x3; The goblin shouts!
You hear a shout! x3
You hit the orc warrior.
The orc warrior is moderately wounded.
The orc warrior hits you with a +0 war axe.
You barely miss the orc warrior. Your bite misses the orc warrior.
The orc warrior is lightly wounded.
You puncture the orc warrior! You bite the orc warrior. You drain its power.
You feel invigorated.
The orc warrior is severely wounded.
The orc warrior hits you with a +0 war axe!
You barely miss the orc warrior.
The orc warrior is severely wounded.
You hit the orc warrior. Your bite misses the orc warrior.
The orc warrior is severely wounded.
The orc warrior hits you with a +0 war axe.
You hit the orc warrior but do no damage.
The orc warrior is severely wounded.
You hit the orc warrior but do no damage.
You bite the orc warrior, but do no damage.
The orc warrior is severely wounded.
The orc warrior hits you but does no damage.
You barely miss the orc warrior. You bite the orc warrior. You drain its power.
You feel invigorated.
The orc warrior is almost dead.
You closely miss the orc warrior. You bite the orc warrior.
You kill the orc warrior!
You start resting.
HP restored.
You start resting.
A goblin is nearby!
Things that are here:
a +0 war axe; a +0 plate armour You catch the helpless goblin completely off-guard!
You perforate the goblin like a sieve!!!
You kill the goblin!
w - 4 potions of flight (gained 2)
Things that are here:
a +0 hand axe; a +0 leather armour; a goblin corpse
Things that are here:
a +0 war axe; a +0 plate armour You start waiting.
A gnoll is nearby!
A hobgoblin comes into view. It is wielding a +0 hand axe.
Things that are here:
a +0 war axe; a +0 plate armour The hobgoblin completely misses you.
The gnoll shouts!
You puncture the hobgoblin!
You kill the hobgoblin!
You hear a shout! x3
The gnoll completely misses you.
You puncture the gnoll!
You kill the gnoll!
A gnoll comes into view. It is wielding a +0 war axe.
Things that are here:
a +0 war axe; a +0 plate armour You hit the goblin but do no damage.
Your bite misses the goblin. You puncture the goblin!
You kill the goblin!
Things that are here:
a +0 hand axe; a +0 leather armour You hit the gnoll.
You bite the gnoll, but do no damage.
The gnoll is moderately wounded.
You hit the gnoll. You bite the gnoll, but do no damage.
The gnoll is moderately wounded.
An orc warrior comes into view. It is wielding a +0 war axe.
The gnoll misses you.
You puncture the gnoll!
You kill the gnoll!
Things that are here:
a +0 war axe; a +0 plate armour You closely miss the orc warrior.
You bite the orc warrior! You drain its power.
The orc warrior is heavily wounded.
You closely miss the orc warrior. You bite the orc warrior!
You drain its power.
The orc warrior is severely wounded.
The orc warrior hits you with a +0 war axe.
You hit the orc warrior. Your bite misses the orc warrior.
The orc warrior is severely wounded.
You hit the orc warrior but do no damage.
Your bite misses the orc warrior.
The orc warrior is severely wounded.
The orc warrior closely misses you.
You hit the orc warrior but do no damage.
You bite the orc warrior, but do no damage.
The orc warrior is severely wounded.
You hit the orc warrior but do no damage.
The orc warrior is severely wounded.
The orc warrior hits you with a +0 war axe.
You puncture the orc warrior!
You kill the orc warrior!
You hear a shout!
You barely miss the hobgoblin. You hit the hobgoblin.
You kill the hobgoblin!
Unknown command.
You start resting.
Magic restored.
An orc comes into view. It is wielding a +0 hand axe.
Items here: ))) [[[ ††.
The orc shouts!
Things that are here:
a +0 war axe; a +0 plate armour You barely miss the orc.
You closely miss the orc. The orc hits you but does no damage.
You puncture the orc!
You kill the orc!
Items here: )))) [[[[ †††.
Items here: )) [[ †.
Really fly onto that alarm trap?
You set off the alarm!
The alarm trap emits a blaring wail!
A sentinel's mark forms upon you.
Found a phial of floods.
There is an open door here.
You see here a +0 pair of boots of flying.
R - a +0 pair of boots of flying You start putting on your armour.
You continue putting on your +0 pair of boots of flying. x4
You finish putting on your +0 pair of boots of flying.
You feel rather light.
You're wearing all the rings you can.
Remove which one? (? for menu, Esc to cancel) < or
d - a ring of flight; > or
F - a ring of positive energy You remove your ring of flight.
p - a ring of protection from fire (left hand)
There is an open door here.
There is an open door here.
You see here a phial of floods.
S - a phial of floods
There is an open door here.
Really fly onto that alarm trap?
You set off the alarm!
The alarm trap emits a blaring wail!
The mark upon you grows brighter.
You reach down and open the door.
Found 468 gold pieces.
There is an open door here.
You now have 975 gold pieces (gained 468).
There is an open door here.
Items here: )) [[ †.
Items here: )))) [[[[ †††.
Things that are here:
a +0 hand axe; a +0 leather armour; a goblin corpse
There is an open door here.
Items here: ))) [[[ ÷.
You see here a kobold skeleton.
N - 16 boomerangs (gained 1)
Things that are here:
a +0 hand axe; a +0 leather armour The sentinel's mark upon you fades away.
You see here a kobold skeleton.
Done exploring.
Done exploring.
Search for what [Enter for "ring", or ? for help]? bailey Unknown command.
There is a gate leading back out of this place here.
Welcome back to the Dungeon!
Level annotation: 1 runed translucent door
There is an empty arch of ancient stone here.
You see here the +3 hand axe "Zifeero" {antimagic, Str-4 Int+4}.
You see here the +9 hand axe of Hubris {vorpal, rPois Will++ Dex-5}.
You see here the +0 hand axe of Ycucyim {elec, Will+++ MP-9 Str+4 Int-2}.
There is an open door here.
You now have 987 gold pieces (gained 12).
c - 3 potions of ambrosia (gained 1)
You now have 998 gold pieces (gained 11).
You reach down and open the door.
There is an open door here.
You reach down and open the door.
There is an open door here.
You reach down and open the door.
There is an open door here.
You reach down and open the door.
There is an open door here.
You reach down and open the door.
An orc wizard comes into view. It is wielding a +0 dagger.
There is an open door here.
An orc warrior comes into view. It is wielding a +0 halberd.
An orc comes into view. It is wielding a +0 hand axe.
An orc comes into view. It is wielding a +0 flail.
The orc warrior shouts!
The orc shouts! x2
You hit the orc warrior but do no damage.
You hear a shout!
An orc comes into view. It is wielding a +0 whip.
The orc wizard points at you and mumbles some strange words.
The magic dart hits you.
The orc warrior hits you with a +0 halberd!
You hit the orc warrior but do no damage.
You bite the orc warrior. You drain its power.
You feel invigorated.
The orc warrior is lightly wounded.
You completely miss the orc warrior. You bite the orc warrior.
You drain its power.
You feel invigorated.
The orc warrior is lightly wounded.
The orc warrior hits you with a +0 halberd!
You hit the orc warrior.
The orc warrior is heavily wounded.
You hit the orc warrior but do no damage.
The orc warrior is heavily wounded.
The orc wizard hits you but does no damage.
The orc warrior closely misses you.
You hit the orc warrior.
The orc warrior is heavily wounded.
The orc wizard misses you. The orc warrior closely misses you.
You hit the orc warrior.
The orc warrior is severely wounded.
You hit the orc warrior.
You kill the orc warrior!
The orc wizard hits you but does no damage.
You puncture the orc wizard! Your bite misses the orc wizard.
The orc wizard is severely wounded.
You puncture the orc wizard!
You kill the orc wizard!
You closely miss the orc. You puncture the orc!
You kill the orc!
You puncture the orc!
You kill the orc!
There is an open door, spattered with blood here.
Items here: ))) [ ††.
The orc completely misses you.
You hit the orc.
You kill the orc!
Things that are here:
a +0 flail; a +0 ring mail HP restored.
Magic restored.
Things that are here:
a +0 flail; a +0 ring mail You pick up Maxwell's Memoranda and begin reading...
You add the spells Vhi's Electric Charge, Arcjolt and Maxwell's Capacitive Coupling to your library.
You reach down and open the door.
There is an open door here.
Found a stone staircase leading down.
You now have 1008 gold pieces (gained 10).
x - 9 scrolls labelled LUVEUM URGHI (gained 1)
There is an open door here.
You reach down and open the door.
There is an open door here.
Found a ring of flight.
There is an open door here.
There is an open door here.
You reach down and open the door.
There is an open door here.
There is an open door here.
There is an escape hatch in the ceiling here.
You reach down and open the door.
There is an open door here.
There is an open door here.
You reach down and open the door.
There is an open door here.
There is an open door here.
A - 3 orange potions (gained 1)
Things that are here:
a +0 leather armour; a +3 flail You now have 1036 gold pieces (gained 28).
You see here a +0 trident of venom.
Things that are here:
a +0 leather armour; a +3 flail You now have 1049 gold pieces (gained 13).
You now have 1062 gold pieces (gained 13).
There is an escape hatch in the floor here.
You now have 1069 gold pieces (gained 7).
Found a stone staircase leading down.
An ice beast comes into view.
An ice beast is nearby!
Found a leather armour.
The helpless ice beast fails to defend itself.
You skewer the ice beast like a kebab!!!!
You kill the ice beast!
Your Armour skill increases to level 2!
You see here a +0 leather armour.
x - 10 scrolls labelled LUVEUM URGHI (gained 1)
g - 4 scrolls labelled RYPSUUSIUL (gained 1)
There is an open door here.
There is an open door here.
There is an open door here.
There is an open door here.
There is an open door here.
There is an open door here.
The orc shouts! x2
You reach down and open the door.
You hit the orc.
You kill the orc!
You barely miss the orc. You bite the orc!
You kill the orc!
The orc closely misses you.
Things that are here:
a +0 club; a +0 dagger; a +0 chain mail You hit the orc.
The orc is severely wounded.
The orc hits you but does no damage.
You hit the orc.
You kill the orc!
There is an open translucent door here.
Things that are here:
a +0 dagger; a +0 chain mail 7 orcs come into view.
An orc warrior, 3 orc wizards and 3 orcs come into view.
The orc warrior is wielding a +0 halberd and quivering silver boomerangs.
The orc wizard shouts!
The orc shouts! x2; The orc wizard shouts!
You hear a shout! x3
An orc comes into view.
It is wielding a +1 whip of electrocution.
An orc comes into view. It is wielding a +2 dagger of pain.
You hear a shout!
The orc shouts!
You hear a shout!
The orc shouts! x2
You hear a shout!
The orc warrior shouts!
The orc shouts!
You hear a shout!
There is an open translucent door here.
Things that are here:
a +0 dagger; a +0 chain mail
Things that are here:
a +0 club; a +0 dagger; a +0 chain mail The orc completely misses you.
You hit the orc.
You kill the orc!
You puncture the orc!
You kill the orc!
You puncture the orc!
You kill the orc!
The orc wizard gestures at you while chanting.
The puff of flame hits you but does no damage.
You resist.
The orc wizard points at you and mumbles some strange words.
You resist with almost no effort. The orc wizard closely misses you.
Items here: ))) †.
The orc wizard attacks as you move away!
The orc wizard completely misses you.
You puncture the orc wizard! You bite the orc wizard.
You kill the orc wizard!
You hit the orc wizard. Your punch misses the orc wizard.
The orc wizard is moderately wounded.
The orc wizard barely misses you.
You puncture the orc wizard!
You kill the orc wizard!
You completely miss the orc wizard. You hit the orc wizard.
Your bite misses the orc wizard.
The orc wizard is heavily wounded.
The orc wizard closely misses you.
You closely miss the orc wizard.
The orc wizard is heavily wounded.
You puncture the orc wizard!
You kill the orc wizard!
Items here: )))))) [[[ †††.
Things that are here:
a +0 club; a +0 dagger; a +0 chain mail
Items here: )))))) [[[ †††.
You puncture the orc!
You kill the orc!
Items here: ))))))) [[[[ ††††.
An orc comes into view. It is wielding a +0 dagger.
The orc warrior throws a silver boomerang.
The silver boomerang closely misses you.
Things that are here:
a +0 club; a +0 dagger; a +0 chain mail The orc shouts!
You hear a shout! x4
The orc warrior completely misses you.
You barely miss the orc warrior. You bite the orc warrior. You drain its power.
The orc warrior is lightly wounded.
The orc hits you but does no damage.
The orc warrior hits you with a +0 halberd!
You hit the orc warrior.
The orc warrior is moderately wounded.
You hit the orc warrior. Your bite misses the orc warrior.
The orc warrior is heavily wounded.
The orc barely misses you. The orc warrior misses you.
You hit the orc warrior. You bite the orc warrior. You drain its power.
You feel invigorated.
The orc warrior is almost dead.
You closely miss the orc warrior.
The orc warrior is almost dead.
The orc misses you.
The orc warrior hits you with a +0 halberd.
You hit the orc warrior.
You kill the orc warrior!
The orc hits you but does no damage. The orc misses you.
Things that are here:
a +0 halberd; a silver boomerang; a +0 chain mail You closely miss the orc.
You puncture the orc!
You kill the orc!
You closely miss the orc. You bite the orc. You drain its power.
The orc is moderately wounded.
You barely miss the orc.
The orc is moderately wounded.
The orc hits you with a +0 mace.
You puncture the orc!
You kill the orc!
Things that are here:
a +0 mace; a +0 trident
Things that are here:
a +0 halberd; a silver boomerang; a +0 chain mail You start resting.
HP restored.
You start resting.
Magic restored.
Things that are here:
a +0 halberd; a silver boomerang; a +0 chain mail
Things that are here:
a +0 mace; a +0 trident
Things that are here:
a +0 halberd; a silver boomerang; a +0 chain mail
T - a silver boomerang
Things that are here:
a +0 mace; a +0 trident An orc comes into view.
It is wielding a +0 hand axe.
Things that are here:
a +0 club; a +0 dagger; a +0 chain mail An orc comes into view.
It is wielding a +0 hand axe.
There is an open translucent door here.
Things that are here:
a +0 dagger; a +0 chain mail The orc shouts! x2; You hear a shout! x3
The orc shouts! x3
You puncture the orc!
You kill the orc!
You puncture the orc!
You kill the orc!
An orc comes into view. It is wielding a +0 club.
An orc priest comes into view. It is wielding a +0 whip.
The orc attacks as you move away! The orc completely misses you.
Things that are here:
a +0 club; a +0 dagger; a +0 chain mail
Things that are here:
a +0 mace; a +0 trident
Things that are here:
a +0 halberd; a +0 chain mail The orc attacks as you move away!
The orc completely misses you.
Items here: ))))))) [[[[ ††††.
The orc completely misses you.
You hit the orc but do no damage. You bite the orc!
You kill the orc!
You puncture the orc!
You kill the orc!
You hit the orc. You bite the orc.
You kill the orc!
You puncture the orc!
You kill the orc!
The orc completely misses you.
Items here: ))))))))))) [[[[[[[ ††††††.
The orc misses you.
You hit the orc.
The orc is severely wounded.
You barely miss the orc. Your bite misses the orc.
The orc is severely wounded.
The orc closely misses you.
The orc priest looks braver for a moment.
You puncture the orc!
You kill the orc!
The orc priest completely misses you.
Things that are here:
a +0 trident; a scroll of teleportation; 25 gold pieces You hit the orc priest.
The orc priest is moderately wounded.
The orc priest closely misses you.
You puncture the orc priest!
You kill the orc priest!
Items here: )) [ †.
An orc comes into view.
It is wielding a +0 club and carrying a wand of flame (20).
Things that are here:
a +0 trident; a scroll of teleportation; 25 gold pieces The orc shouts!
Items here: ))))))))))) [[[[[[[ ††††††.
You puncture the orc!
You kill the orc!
I - a wand of flame (34) (gained 20 charges)
B - 4 bubbling grey potions (gained 2)
Items here: )))))))))))) [[[[[[[ ††††††.
J - 4 scrolls of teleportation (gained 1)
You now have 1094 gold pieces (gained 25).
You see here a +0 trident.
Items here: )) [ †.
Things that are here:
a +0 mace; a +0 trident The orc shouts!
The orc completely misses you.
Things that are here:
a +0 club; a +0 dagger; a +0 chain mail You hit the orc.
You bite the orc.
You kill the orc!
Things that are here:
a +0 dagger; an orc corpse
There is an open translucent door here.
Things that are here:
a +0 dagger; a +0 chain mail
Items here: )) [ †.
The orc closely misses you. The orc attacks as you move away!
The orc misses you. The orc attacks as you move away!
The orc barely misses you. The orc attacks as you move away!
The orc completely misses you.
Found 13 gold pieces.
Found 25 gold pieces.
Found a roughly hewn altar of Beogh.
The orc attacks as you move away! The orc completely misses you.
Found 10 gold pieces.
The orc barely misses you.
You hit the orc.
You kill the orc!
The orc misses you.
Things that are here:
a +2 dagger of pain; an orc corpse The orc attacks as you move away!
The orc completely misses you.
There is an open door here.
The orc completely misses you.
You see here 13 gold pieces.
The orc attacks as you move away! The orc misses you.
You see here 10 gold pieces.
The orc misses you.
You see here 25 gold pieces.
You barely miss the orc. The orc closely misses you.
You hit the orc. You bite the orc.
You kill the orc!
You now have 1107 gold pieces (gained 13).
You see here a +0 club.
You now have 1117 gold pieces (gained 10).
You now have 1142 gold pieces (gained 25).
Done exploring.
Search for what [Enter for "bailey", or ? for help]? d: Unknown command.
Unknown command.
There is an open door here.
Items here: )) [ †.
There is an open translucent door here.
Things that are here:
a +0 dagger; a +0 chain mail
Things that are here:
a +0 club; a +0 dagger; a +0 chain mail
Things that are here:
a +0 mace; a +0 trident
Items here: )) [ †.
You see here a +0 trident.
Items here: )))))))))))) [[[[[[[ ††††††.
Items here: ( )))).
Items here: ( ))).
There is an open door here.
There is an open door here.
There is an open door here.
There is an escape hatch in the ceiling here.
There is an open door here.
There is an open door here.
There is an open door here.
There is an open door here.
There is a stone staircase leading down here.
You fly downwards.
Found a book of Cantrips, 22 gold pieces, a leather armour and a ring mail.
There is a stone staircase leading up here.
Found a pair of boots and 14 gold pieces.
A two-headed ogre comes into view.
It is wielding two +0 giant spiked clubs.
The two-headed ogre shouts in stereo!
You closely miss the water moccasin. You hit the water moccasin.
The water moccasin is lightly wounded.
The water moccasin bites you.
You are poisoned.
The water moccasin poisons you!
You hit the water moccasin. You bite the water moccasin. You drain its power.
You feel invigorated.
The water moccasin is severely wounded.
You feel sick.
The water moccasin bites you but does no damage.
You feel very sick.
You feel sick.
The steam dragon hisses angrily.
You hear a bellow!
The water moccasin closely misses you.
You hear an angry hiss.
There is a stone staircase leading up here.
You hit the water moccasin. You bite the water moccasin. You drain its power.
The water moccasin is almost dead.
You feel sick. The steam dragon breathes steam at you.
The ball of steam hits you. You resist. The water moccasin barely misses you.
You feel sick. The water moccasin closely misses you.
You fly upwards.
You feel sick.
There is a stone staircase leading down here.
You puncture the water moccasin!
You kill the water moccasin!
You feel sick.
You feel sick.
You see here a water moccasin corpse.
You feel sick.
There is a stone staircase leading down here.
You feel sick.
You are no longer poisoned.
Magic restored.
HP restored.
There is a stone staircase leading down here.
You start waiting.
Done waiting.
You fly downwards.
The kobold shouts!
The kobold brigand shouts!
The kobold shouts! x4
Found 2 amethyst potions.
There is a stone staircase leading up here.
You hit the kobold.
You kill the kobold!
You puncture the kobold!
You kill the kobold!
You hit the kobold.
The kobold is severely wounded.
You puncture the kobold!
You kill the kobold!
The kobold throws a stone.
The stone closely misses you.
You hit the kobold brigand. You bite the kobold brigand. You drain its power.
The kobold brigand is moderately wounded.
You hit the kobold brigand. You bite the kobold brigand! You drain its power.
The kobold brigand is severely wounded.
The kobold brigand closely misses you.
You hit the kobold brigand. Your bite misses the kobold brigand.
The kobold brigand is almost dead.
You puncture the kobold brigand!
You kill the kobold brigand!
The kobold throws a stone.
The stone hits you but does no damage. The kobold barely misses you.
You hit the kobold.
You kill the kobold!
Items here: (( ))) ††.
You puncture the kobold!
You kill the kobold!
No target in view!
No target in view!
Things that are here:
a +0 short sword; a stone; a kobold corpse
H - 21 poisoned darts (gained 2)
Items here: ( ))) ††.
Okay, then.
H - 29 poisoned darts (gained 8)
You see here a +0 club.
You see here a +0 short sword.
D - 4 amethyst potions (gained 1)
D - 5 amethyst potions (gained 1)
The sky beast hits you but does no damage.
You hit the sky beast. Your bite misses the sky beast.
The sky beast is moderately wounded.
You hit the sky beast.
The sky beast is heavily wounded.
The sky beast flickers out of sight!
Deactivating autopickup; reactivate with Ctrl-A.
Something hits you but does no damage.
You puncture something! You puncture something!
Reactivating autopickup.
You feel a bit more experienced.
A two-headed ogre is nearby!
Throw: 29 darts (poison)
Press: ? - help, Q - select action, (/) - cycle Shift-Dir - straight line, f - two-headed ogre
Aim: a two-headed ogre, wielding two +0 giant spiked clubs (wandering, hasn't noticed you, 77% to hit)
You throw a poisoned dart.
The poisoned dart hits the two-headed ogre.
The two-headed ogre is poisoned.
The two-headed ogre shouts in stereo!
Throw: 28 darts (poison)
Press: ? - help, Q - select action, (/) - cycle Shift-Dir - straight line, f/p - two-headed ogre
Aim: a two-headed ogre, wielding two +0 giant spiked clubs (lightly wounded, poisoned, 77% to hit)
You throw a poisoned dart.
The poisoned dart hits the two-headed ogre.
The two-headed ogre is lightly wounded.
Throw: 27 darts (poison)
Press: ? - help, Q - select action, (/) - cycle Shift-Dir - straight line, f/p - two-headed ogre
Aim: a two-headed ogre, wielding two +0 giant spiked clubs (lightly wounded, poisoned, 77% to hit)
You throw a poisoned dart.
The poisoned dart barely misses the two-headed ogre.
Throw: 26 darts (poison)
Press: ? - help, Q - select action, (/) - cycle Shift-Dir - straight line, f/p - two-headed ogre
Aim: a two-headed ogre, wielding two +0 giant spiked clubs (lightly wounded, poisoned, 77% to hit)
You throw a poisoned dart.
The poisoned dart hits the two-headed ogre.
The two-headed ogre looks even sicker.
The two-headed ogre is lightly wounded.
Throw: 25 darts (poison)
Press: ? - help, Q - select action, (/) - cycle Shift-Dir - straight line, f/p - two-headed ogre
Aim: a two-headed ogre, wielding two +0 giant spiked clubs (lightly wounded, very poisoned, 77% to hit)
You throw a poisoned dart.
The poisoned dart barely misses the two-headed ogre.
Unknown command.
Aiming: Mindburst
Press: ? - help, Shift-Dir - straight line, f/p - two-headed ogre
Aim: a two-headed ogre, wielding two +0 giant spiked clubs (lightly wounded, poisoned, chance to affect: 47%)
The two-headed ogre resists with some effort.
You hit the two-headed ogre.
The two-headed ogre is lightly wounded.
You hit the two-headed ogre but do no damage.
You bite the two-headed ogre, but do no damage.
The two-headed ogre is lightly wounded.
The two-headed ogre hits you with a +0 giant spiked club! x2
You hit the two-headed ogre.
The two-headed ogre is moderately wounded.
You hit the two-headed ogre.
The two-headed ogre is moderately wounded.
You hit the two-headed ogre. You bite the two-headed ogre. You drain its power.
You feel invigorated.
The two-headed ogre is moderately wounded.
The two-headed ogre hits you with a +0 giant spiked club! x2
* * * LOW HITPOINT WARNING * * *
Aiming: Mindburst
Press: ? - help, Shift-Dir - straight line, f/p - two-headed ogre
Aim: a two-headed ogre, wielding two +0 giant spiked clubs (moderately wounded, poisoned, chance to affect: 47%)
The two-headed ogre's minds are blasted!
Aiming: Mindburst
Press: ? - help, Shift-Dir - straight line, f/p - two-headed ogre
Aim: a two-headed ogre, wielding two +0 giant spiked clubs (heavily wounded, poisoned, chance to affect: 47%)
The two-headed ogre resists with some effort.
The two-headed ogre barely misses you.
The two-headed ogre hits you with a +0 giant spiked club!!
You die...

Skill      XL: |  1  2  3  4  5  6  7  8  9 10 |
---------------+-------------------------------+-----
Short Blades   | 3 4 5 6 7 9 |  9.3
Stealth        | 3 4 5 6 8 10 12 | 12.7
Fighting       | 3 |  3.9
Armour         | 1 2 |  2.3
Dodging        | 3 |  3.5

Action                   |  1- 3 |  4- 6 |  7- 9 | 10-12 || total
-------------------------+-------+-------+-------+-------++-------
Melee: Short sword       |   136 |   130 |       |       ||   266
       Bite              |    23 |    41 |    52 |    34 ||   150
       Punch             |     1 |     3 |     2 |       ||     6
       Unarmed           |       |    18 |       |       ||    18
       Great sword       |       |    19 |       |       ||    19
       Dagger            |       |    18 |   221 |   138 ||   377
 Fire: Sling             |       |    44 |       |       ||    44
Throw: Dart              |       |       |     6 |     5 ||    11
Evoke: Wand              |       |       |       |     3 ||     3
  Use: Potion            |       |     3 |       |       ||     3
       Scroll            |       |     2 |       |       ||     2
 Stab: Sleeping          |     5 |     4 |    14 |     1 ||    24
       Distracted        |       |       |     1 |     2 ||     3
Armor: Robe              |    14 |       |       |       ||    14
       Ring mail         |    17 |    24 |       |       ||    41
       Skin              |       |    29 |       |       ||    29
       Scale mail        |       |    27 |    43 |    18 ||    88
Dodge: Dodged            |    87 |   116 |    67 |    65 ||   335

Levels and vault maps discovered:
D:1:      minmay_arrival_five_plusses, layout_basic
D:2:      layout_loops_ring, basic_altar, serial_undead, serial_undead_d,
          serial_undead_b, serial_undead_e, serial_undead_c,
          ebering_dispersal_statue_hall
D:3:      layout_basic, tso_altar, nemelex_diamond_rough_becter,
          portal_sewer_entry_f, gammafunk_ghost_cemetery, serial_shops,
          nicolae_square_shop
D:4:      layout_loops_corners, chequers_temple_overflow_statue_of_worship,
          grunt_gozag_breadcrumbs
D:5:      layout_layer_cave, grunt_temple_overflow_forces_of_nature,
          nicolae_ashenzari_skybound, zin_angel, lemuel_zombie_altar_yredelemnul
D:6:      layout_layer_cave, regret_index_temple_of_mockery,
          vehumet_altar_wand_db, serial_shops, shop, uniq_sigmund
D:7:      layout_loops_ring, tgw_kikubaaqudgha, mainiacjoe_overflow_alcove_1,
          minmay_temple_entry_large_hall, abandoned_shop, minivault_11,
          uniq_pikel
D:8:      layout_gridville, enter_bailey_2, lightli_church_of_beogh
D:9:      layout_small_grid, mainiacjoe_overflow_alcove_4,
          hellmonk_lair_entry_icy, corexii_corridor_pit,
          minmay_shop_grid_forest, hangedman_misty_isle
Temple:   nicolae_temple_total_abyssal_victory

Notes
Turn   | Place    | Note
-------+----------+-------------------------------------------
     0 | D:1      | scionoferis the Vine Stalker Monk began the quest for the
                  | Orb.
     0 | D:1      | Reached XP level 1. HP: 11/11 MP: 2/2
   302 | D:1      | Reached skill level 3 in Short Blades
   302 | D:1      | Reached skill level 3 in Stealth
   302 | D:1      | Reached XP level 2. HP: 12/16 MP: 3/3
  1052 | D:2      | Reached XP level 3. HP: 15/19 MP: 4/4
  1305 | D:2      | Found a shimmering blue altar of Sif Muna.
  1520 | D:2      | Reached skill level 4 in Stealth
  1620 | D:3      | Found a glowing drain.
  1651 | D:3      | Gained mutation: Your natural rate of healing is unusually
                  | fast. [Vine Stalker growth]
  1651 | D:3      | Reached XP level 4. HP: 23/23 MP: 5/5
  1654 | Sewer    | Entered a sewer
  2153 | Sewer    | Reached skill level 4 in Short Blades
  2155 | Sewer    | Noticed a bullfrog
  2155 | Sewer    | Noticed a bullfrog
  2180 | Sewer    | Identified a potion of resistance
  2197 | Sewer    | Killed a bullfrog
  2198 | Sewer    | Reached skill level 5 in Stealth
  2198 | Sewer    | Reached XP level 5. HP: 27/27 MP: 1/6
  2209 | Sewer    | Reached XP level 6. HP: 32/32 MP: 1/7
  2273 | Sewer    | Identified the +5 scale mail "Xufuesim" {Str+7}
  2394 | D:3      | Reached skill level 6 in Stealth
  2441 | D:3      | Found Guifucs's Weapon Shoppe.
  2669 | D:3      | Found a sparkling altar of Nemelex Xobeh.
  2757 | D:3      | Found a runed translucent gate.
  2758 | D:3      | Found a runed translucent gate.
  2759 | D:3      | Found a runed translucent gate.
  2759 | D:3      | Noticed thurberlil's ghost (amateur HuSu)
  2759 | D:3      | Noticed drugrobin's ghost (weakling DgDe)
  2795 | D:3      | Found a glowing golden altar of the Shining One.
  3016 | D:3      | Identified the +9 dagger of Arbitration {vorpal, rF+}
  3431 | D:4      | Reached skill level 5 in Short Blades
  3491 | D:4      | Found an iron altar of Okawaru.
  3493 | D:4      | Found a sacrificial altar of Ru.
  3495 | D:4      | Found a shimmering blue altar of Sif Muna.
  3495 | D:4      | Found a bloodstained altar of Trog.
  3760 | D:4      | Reached XP level 7. HP: 34/35 MP: 8/8
  3929 | D:4      | Reached skill level 7 in Stealth
  4061 | D:4      | Found an opulent altar of Gozag.
  4184 | D:5      | Entered Level 5 of the Dungeon
  4471 | D:5      | Found a stormy altar of Qazlal.
  4475 | D:5      | Found a blossoming altar of Fedhas.
  4510 | D:5      | Found a broken altar of Ashenzari.
  4616 | D:5      | Reached skill level 6 in Short Blades
  4616 | D:5      | Reached skill level 8 in Stealth
  4649 | D:5      | Gained mutation: You have razor-sharp teeth. [Vine Stalker
                  | growth]
  4649 | D:5      | Reached XP level 8. HP: 34/39 MP: 9/9
  4769 | D:5      | Found a basalt altar of Yredelemnul.
  5005 | D:5      | Found a glowing silver altar of Zin.
  5005 | D:5      | Noticed an angel
  5340 | D:6      | Noticed Sigmund
  5355 | D:6      | Killed Sigmund
  5356 | D:6      | Reached skill level 9 in Stealth
  5393 | D:6      | Reached skill level 7 in Short Blades
  5497 | D:6      | Found a radiant altar of Vehumet.
  5563 | D:6      | Found a shimmering altar of Xom.
  5564 | D:6      | Found a hazy altar of Hepliaklqana.
  5565 | D:6      | Noticed a spectral ugly thing
  5869 | D:6      | Reached skill level 10 in Stealth
  5883 | D:6      | Reached XP level 9. HP: 40/43 MP: 10/10
  6338 | D:6      | Found Nevitoh's Jewellery Emporium.
  6511 | D:7      | Found a hide-covered altar of Uskayaw.
  6597 | D:7      | Reached skill level 8 in Short Blades
  6661 | D:7      | Found a staircase to the Ecumenical Temple.
  6671 | D:7      | Reached skill level 11 in Stealth
  6681 | Temple   | Entered the Ecumenical Temple
  6875 | D:7      | Noticed Pikel
  6886 | D:7      | Killed Pikel
  7024 | D:7      | Reached skill level 12 in Stealth
  7128 | D:7      | Found an ancient bone altar of Kikubaaqudgha.
  7157 | D:7      | You fall into a shaft and drop 1 floor!
  7228 | D:8      | Reached skill level 9 in Short Blades
  7249 | D:8      | Found a runed translucent door.
  7307 | D:8      | Reached skill level 3 in Fighting
  7404 | D:8      | Reached skill level 1 in Armour
  7525 | D:8      | Reached XP level 10. HP: 49/49 MP: 11/11
  7532 | D:8      | Reached skill level 3 in Dodging
  7543 | D:8      | Found a flagged portal.
  7549 | D:8      | Identified the +0 hand axe of Ycucyim {elec, Will+++ MP-9
                  | Str+4 Int-2}
  7550 | D:8      | Identified the +9 hand axe of Hubris {vorpal, rPois Will++
                  | Dex-5}
  7551 | D:8      | Identified the +3 hand axe "Zifeero" {antimagic, Str-4
                  | Int+4}
  7555 | Bailey   | Entered a bailey
  8269 | D:8      | Reached skill level 2 in Armour
  8707 | D:9      | Noticed a two-headed ogre
  8937 | D:9      | Slain by a two-headed ogre

Vanquished Creatures
  Pikel (D:7)
  Sigmund (D:6)
  A steam dragon (D:8)
  3 water moccasins (D:7 D:8)
  3 ice beasts (D:5 D:6 D:8)
  A sky beast (D:9)
  5 orc warriors (D:7 Bailey D:8)
  A lemure (D:7)
  A phantom (D:6)
  3 kobold brigands (D:7 D:8 D:9)
  5 bullfrogs (Sewer D:6 D:8)
  3 necrophages (D:6 D:8)
  5 scorpions (D:4 D:5 D:6)
  A water moccasin zombie (D:5)
  6 howler monkeys (D:4 D:7 D:8)
  A centaur zombie (D:5)
  3 hounds (D:4 D:6)
  3 jellies (D:4 D:6)
  2 orc priests (D:7 D:8)
  2 gnoll boudas (D:5 D:7)
  4 iguanas (D:4 D:6)
  7 orc wizards (D:6 D:8)
  5 adders (Sewer D:3 D:5 D:6)
  13 gnolls (D:3 D:5 D:7 Bailey)
  2 white imps (D:6 D:7)
  An adder zombie (D:2)
  An adder skeleton (D:2)
  2 worms (D:3)
  3 dart slugs (D:2 D:4)
  46 orcs (D:2 D:3 D:6 D:7 D:8)
  15 ball pythons (D:2 Sewer D:3 D:4)
  2 bats (D:2 D:3)
  2 bat skeletons (D:2)
  A bat zombie (D:2)
  14 endoplasms (D:1 Sewer D:4)
  11 giant cockroaches (D:1 D:2 D:3 Sewer)
  9 goblins (D:1 D:2 D:3 Bailey)
  7 hobgoblins (D:2 D:4 Bailey)
  8 jackals (D:2 D:3)
  17 quokkas (D:1 D:3 Sewer D:4 D:5)
  8 frilled lizards (D:1 D:2 Sewer D:3)
  34 kobolds (D:1 D:2 D:4 D:6 D:7)
263 creatures vanquished.

Vanquished Creatures (others)
  A human (D:7)
1 creature vanquished.

Grand Total: 264 creatures vanquished

Table legend: (Time is in decaauts)
 A = Elapsed time spent in this place.
 B = Non-inter-level travel time spent in this place.
 C = Inter-level travel time spent in this place.
 D = Time resting spent in this place.
 E = Time spent auto-exploring this place.
 F = Levels seen in this place.
 G = Mean time per level.
                   A        B        C        D        E       F      G
               +--------+--------+--------+--------+--------+-----+--------+
         Total |   8828 |   8351 |    477 |    381 |   5516 |  12 |  735.7 |
       Dungeon |   7658 |   7192 |    466 |    177 |   5271 |   9 |  850.9 |
        Temple |    128 |    117 |     11 |      0 |    110 |   1 |  128.0 |
         Sewer |    710 |    710 |      0 |    164 |     72 |   1 |  710.0 |
        Bailey |    330 |    330 |      0 |     40 |     63 |   1 |  330.0 |
               +--------+--------+--------+--------+--------+-----+--------+

Top non-repeatable levels by time:
     D:8: 1286 daAuts
     D:6: 1227 daAuts
     D:5: 1057 daAuts
     D:3: 1030 daAuts
     D:4: 881 daAuts
     D:1: 808 daAuts
     D:2: 789 daAuts
   Sewer: 710 daAuts
     D:7: 498 daAuts
  Bailey: 330 daAuts
  Temple: 128 daAuts
     D:9: 79 daAuts

Table legend:
 A = Non-vault XP
 B = Vault XP
 C = Vault XP percentage of total XP
 D = Non-vault monster count
 E = Vault monster count
 F = Vault count percentage of total count
                 A         B        C        D         E       F
            +---------+---------+-------+---------+---------+-------
      Total |    4055 |    2139 |  34.5 |     158 |     104 |  39.7
            +---------+---------+-------+---------+---------+-------
        D:1 |      19 |       0 |   0.0 |      11 |       0 |   0.0
        D:2 |      38 |      17 |  30.9 |      17 |       5 |  22.7
        D:3 |     109 |       8 |   6.8 |      24 |       4 |  14.3
        D:4 |     341 |       0 |   0.0 |      22 |       0 |   0.0
        D:5 |     445 |     125 |  21.9 |      13 |       2 |  13.3
        D:6 |     888 |     244 |  21.6 |      18 |       2 |  10.0
        D:7 |     831 |     685 |  45.2 |      22 |       1 |   4.3
        D:8 |    1278 |     342 |  21.1 |      25 |      25 |  50.0
        D:9 |     106 |     132 |  55.5 |       6 |       1 |  14.3
      Sewer |       0 |     255 | 100.0 |       0 |      40 | 100.0
     Bailey |       0 |     331 | 100.0 |       0 |      24 | 100.0
            +---------+---------+-------+---------+---------+-------
